[Event "2nd Asian Nations Team Cup U14 2019"]
[Site "Shenzhen"]
[Date "2019.12.20"]
[Round "2.8"]
[White "Foo, Jing Er Claire"]
[Black "Khorshidi, Mohammad Javad"]
[Result "0-1"]
[ECO "E12"]
[WhiteElo "1546"]
[BlackElo "2094"]
[Annotator "NA RC"]
[PlyCount "138"]
[EventDate "2019.12.19"]
[EventType "team-tourn"]
[EventCountry "CHN"]
[SourceTitle "playchess.com"]
[Source "ChessBase"]
[SourceQuality "1"]
[TimeControl "5400+30"]

1. d4 Nf6 2. c4 e6 3. Nf3 b6 4. a3 Bb7 5. Nc3 d5 6. Bg5 Be7 7. e3 O-O 8. cxd5 exd5 9. Be2 Nbd7 10. O-O c5 11. Rc1 a6 12. Bd3 g6 13. Qe2 c4 14. Bc2 Re8 15. Nd2 Nf8 16. f4 Ne6 17. Qf3 b5 18. Bxf6 Bxf6 19. f5 Ng5 20. Qf4 Nh3+ 21. gxh3 Bg5 22. Qf3 Bxe3+ 23. Kh1 Bxd2 24. fxg6 fxg6 25. Qf7+ Kh8 26. Rcd1 Bxc3 27. bxc3 Qe7 28. Qxe7 Rxe7 29. Rf3 Kg7 30. Rdf1 Bc8 31. h4 Raa7 32. Kg1 Rf7 33. Rxf7+ Rxf7 34. Rxf7+ Kxf7 35. h5 Bf5 36. hxg6+ Kxg6 37. Bd1 Kg5 38. Kf2 Kf4 39. Bf3 Be4 40. Bd1 a5 41. h3 Bb1 42. h4 Ke4 43. Ke2 b4 44. axb4 axb4 45. Kd2 Bd3 46. Bh5 Bf1 47. Bf7 Bh3 48. Bg8 Bf5 49. h5 h6 50. Bf7 b3 51. Kc1 Bg4 52. Kb2 Bf3 53. Be8 Kf4 54. Bg6 Kg5 55. Bf7 Bxh5 56. Bxd5 Be2 57. Bg2 h5 58. Bh3 Kf4 59. Be6 h4 60. Bh3 Bf3 61. Bf1 Bd5 62. Kc1 Kg3 63. Kd2 h3 64. Be2 h2 65. Ke1 h1=Q+ 66. Kd2 Kf2 67. Bd1 Qe1+ 68. Kc1 Qxc3+ 69. Kb1 Be4+ 0-1

[Event "2nd Asian Nations Team Cup U14 2019"]
[Site "Shenzhen"]
[Date "2019.12.20"]
[Round "2.10"]
[White "Wei, Jianzhou"]
[Black "Wang, Xiaozhi"]
[Result "1-0"]
[ECO "E83"]
[WhiteElo "1755"]
[BlackElo "1872"]
[Annotator "NA RC"]
[PlyCount "81"]
[EventDate "2019.12.19"]
[EventType "team-tourn"]
[EventCountry "CHN"]
[SourceTitle "playchess.com"]
[Source "ChessBase"]
[SourceQuality "1"]
[TimeControl "5400+30"]

1. d4 Nf6 2. c4 g6 3. Nc3 Bg7 4. e4 d6 5. f3 O-O 6. Be3 Nc6 7. Nge2 a6 8. Qd2 Na5 9. Nc1 Nd7 10. Nb3 c5 11. Nxa5 Qxa5 12. Be2 cxd4 13. Bxd4 Ne5 14. O-O Be6 15. f4 Bh6 16. b3 Nc6 17. Be3 Bg7 18. Rac1 Rfc8 19. Kh1 b5 20. f5 Bd7 21. Nd5 Qxd2 22. Bxd2 Rd8 23. Nb6 Rab8 24. Nxd7 Rxd7 25. cxb5 Nd4 26. Bg4 h5 27. Bh3 Ra7 28. Be3 Raa8 29. f6 Bxf6 30. Rxf6 exf6 31. Bxd4 axb5 32. Rc2 Re8 33. Bxf6 Rxe4 34. g3 d5 35. Bd7 b4 36. Kg2 Re1 37. Rd2 g5 38. Bxg5 Ra1 39. Ba4 Kg7 40. Be7 Rb8 41. Bd6 1-0

[Event "2nd Asian Nations Team Cup U14 2019"]
[Site "Shenzhen"]
[Date "2019.12.20"]
[Round "2.11"]
[White "Lu, Miaoyi"]
[Black "Meng, Yihan"]
[Result "1/2-1/2"]
[ECO "A58"]
[WhiteElo "1787"]
[BlackElo "1787"]
[Annotator "NA RC"]
[PlyCount "117"]
[EventDate "2019.12.19"]
[EventType "team-tourn"]
[EventCountry "CHN"]
[SourceTitle "playchess.com"]
[Source "ChessBase"]
[SourceQuality "1"]
[TimeControl "5400+30"]

1. d4 Nf6 2. c4 c5 3. d5 b5 4. cxb5 a6 5. bxa6 g6 6. Nc3 Bg7 7. e4 O-O 8. Nf3 Qa5 9. Bd2 Bxa6 10. Bxa6 Qxa6 11. Qe2 e6 12. Qxa6 Nxa6 13. O-O exd5 14. exd5 Nb4 15. Be3 Nd3 16. b3 Ng4 17. Bd2 Rfe8 18. h3 Nge5 19. Nxe5 Bxe5 20. a4 Bd4 21. Rad1 Nb2 22. Rb1 Nd3 23. Rbd1 Rab8 24. Nb5 Re2 25. Be3 Nb2 26. Rde1 Rxe3 27. fxe3 Be5 28. e4 d6 29. Rf3 c4 30. bxc4 Nxa4 31. Ref1 Rb7 32. Ra3 Nb2 33. Ra8+ Kg7 34. Rc8 Nxc4 35. Rxc4 Rxb5 36. Rc7 Bf6 37. Rd7 Rb6 38. g4 g5 39. Rc1 Be5 40. Rcc7 Rb1+ 41. Kf2 Rb2+ 42. Ke3 Rb3+ 43. Kd2 Rf3 44. Ke2 Rf4 45. Kd3 Kg6 46. Rb7 h6 47. Ke3 Rf1 48. Ke2 Rf4 49. Ke3 Rf1 50. Re7 Kg7 51. Red7 Kg6 52. Ke2 Rf4 53. Ke3 Rf1 54. Ke2 Rf4 55. Ke3 Rf1 56. Ke2 Rf4 57. Ke3 Rf1 58. Ke2 Rf4 59. Ke3 1/2-1/2

[Event "2nd Asian Nations Team Cup U14 2019"]
[Site "Shenzhen"]
[Date "2019.12.20"]
[Round "2.12"]
[White "Wang, Yuehan"]
[Black "Wu, Yixing"]
[Result "0-1"]
[ECO "B56"]
[WhiteElo "1724"]
[BlackElo "1767"]
[Annotator "NA RC"]
[PlyCount "124"]
[EventDate "2019.12.19"]
[EventType "team-tourn"]
[EventCountry "CHN"]
[SourceTitle "playchess.com"]
[Source "ChessBase"]
[SourceQuality "1"]
[TimeControl "5400+30"]

1. e4 c5 2. Nf3 d6 3. d4 cxd4 4. Nxd4 Nf6 5. Nc3 Nc6 6. f3 e5 7. Nb3 Be6 8. Be3 d5 9. exd5 Nxd5 10. Nxd5 Qxd5 11. Qxd5 Bxd5 12. O-O-O O-O-O 13. c4 Be6 14. Rxd8+ Kxd8 15. Be2 Kc7 16. Rd1 Be7 17. Nc5 Bf5 18. g4 Bg6 19. h4 Nd4 20. Bxd4 exd4 21. Nb3 Bxh4 22. f4 Be4 23. Nxd4 a6 24. Bf3 Re8 25. Bh1 Bf2 26. Nc2 Bg3 27. f5 Bf4+ 28. Kb1 Bxc2+ 29. Kxc2 Re2+ 30. Kb3 Be5 31. Rb1 f6 32. Ka3 Re3+ 33. b3 Rg3 34. Bd5 Rxg4 35. Rh1 h6 36. Rd1 Bd6+ 37. Kb2 h5 38. Be6 Rg2+ 39. Kb1 h4 40. c5 Bxc5 41. Rd7+ Kc6 42. Rd8 Bd6 43. Rc8+ Bc7 44. Rh8 Rh2 45. Bc4 h3 46. Bd3 Kd5 47. Rh4 Bg3 48. Rg4 Rd2 49. Be4+ Ke5 50. Bxb7 Rd7 51. Bc6 Rc7 52. Bf3 Bf4 53. Rh4 h2 54. Rh5 Rc3 55. Bb7 Rg3 56. Kc2 Rg5 57. Rh7 Kxf5 58. b4 Rg1 59. a4 Bh6 60. b5 axb5 61. axb5 Rc1+ 62. Kd3 h1=Q 0-1

[Event "2nd Asian Nations Team Cup U14 2019"]
[Site "Shenzhen"]
[Date "2019.12.20"]
[Round "2.13"]
[White "Jin Yueheng"]
[Black "Wang, Benchi"]
[Result "1/2-1/2"]
[ECO "E11"]
[WhiteElo "1924"]
[BlackElo "1747"]
[Annotator "NA RC"]
[PlyCount "80"]
[EventDate "2019.12.19"]
[EventType "team-tourn"]
[EventCountry "CHN"]
[SourceTitle "playchess.com"]
[Source "ChessBase"]
[SourceQuality "1"]
[TimeControl "5400+30"]

1. d4 Nf6 2. c4 e6 3. Nf3 Bb4+ 4. Bd2 Qe7 5. g3 Ne4 6. Bg2 Nxd2 7. Nbxd2 d5 8. O-O O-O 9. Rc1 c6 10. a3 Bxd2 11. Qxd2 Nd7 12. Rfd1 dxc4 13. Rxc4 e5 14. dxe5 Nxe5 15. Nxe5 Qxe5 16. Re4 Qc7 17. Rd4 Be6 18. Qd3 c5 19. Rd6 Rac8 20. Be4 g6 21. h4 c4 22. Qd4 Qc5 23. Bxb7 Qxd4 24. R1xd4 Rb8 25. Ba6 Rxb2 26. Bxc4 Bxc4 27. Rxc4 Rxe2 28. Rc7 a5 29. Ra7 Re5 30. Rda6 Rb8 31. Rxa5 Rb1+ 32. Kg2 Ree1 33. Rd5 Rg1+ 34. Kf3 Rb3+ 35. Ke2 Ra1 36. Rd8+ Kg7 37. Rdd7 Ra2+ 38. Rd2 Raxa3 39. Rxa3 Rxa3 40. Rd7 h5 1/2-1/2

[Event "2nd Asian Nations Team Cup U14 2019"]
[Site "Shenzhen"]
[Date "2019.12.20"]
[Round "2.14"]
[White "Zhang, Yuanxiao"]
[Black "Zhang, Di"]
[Result "1/2-1/2"]
[ECO "B22"]
[WhiteElo "1545"]
[BlackElo "2013"]
[Annotator "NA RC"]
[PlyCount "172"]
[EventDate "2019.12.19"]
[EventType "team-tourn"]
[EventCountry "CHN"]
[SourceTitle "playchess.com"]
[Source "ChessBase"]
[SourceQuality "1"]
[TimeControl "5400+30"]

1. e4 c5 2. c3 d5 3. exd5 Qxd5 4. d4 Nc6 5. Nf3 Bg4 6. Be2 cxd4 7. cxd4 e6 8. O-O Nf6 9. Nc3 Qd6 10. Be3 Be7 11. Rc1 O-O 12. Qb3 a6 13. Rfd1 b5 14. a3 Rfd8 15. Qc2 Rac8 16. Qd2 Qb8 17. h3 Bh5 18. b4 a5 19. bxa5 Nxa5 20. Nxb5 Rxc1 21. Qxc1 Bxf3 22. gxf3 Rc8 23. Qb1 Nd5 24. Rc1 Rxc1+ 25. Bxc1 Bd6 26. Bd3 Bh2+ 27. Kg2 f5 28. Bd2 Nc6 29. Nc3 Qd6 30. Nxd5 exd5 31. Bxf5 g6 32. Bd3 Bf4 33. Bc3 Nd8 34. Qb3 Ne6 35. a4 Bg5 36. Bf1 Bd8 37. Bb4 Qd7 38. Qe3 Bb6 39. Bc3 Bc7 40. a5 Qd6 41. Qe5 Qd7 42. Bb5 Qf7 43. Qe3 Qf5 44. Bf1 Ng5 45. f4 Bxf4 46. Qd3 Ne4 47. Be2 Qg5+ 48. Kf1 Bh2 49. Bf3 Qg1+ 50. Ke2 Qxf2+ 51. Kd1 Nxc3+ 52. Qxc3 Bf4 53. Bxd5+ Kg7 54. Bc4 Qg1+ 55. Kc2 Qc1+ 56. Kb3 Qd1+ 57. Qc2 Qa1 58. a6 Bd6 59. Qc3 Qa3+ 60. Kc2 Qa4+ 61. Qb3 Qd7 62. Qb7 Qxb7 63. axb7 Kf6 64. Kd3 Bb8 65. Ke4 g5 66. Be2 Bc7 67. Kd5 Ke7 68. Bg4 Bb8 69. Ke4 Kf6 70. Kd5 Ke7 71. Kc6 Bf4 72. d5 Bb8 73. Kc5 Bd6+ 74. Kd4 Bb8 75. Ke4 Kf6 76. Bh5 Bc7 77. Kf3 Bb8 78. Kg4 h6 79. Be8 Bd6 80. Bd7 Bc7 81. Kf3 Bb8 82. Ke4 Bd6 83. Be6 Bb8 84. Kd4 Ke7 85. Kc5 Ba7+ 86. Kc6 Bb8 1/2-1/2

[Event "2nd Asian Nations Team Cup U14 2019"]
[Site "Shenzhen"]
[Date "2019.12.20"]
[Round "2.15"]
[White "Xiao, Tong"]
[Black "Liu, David J"]
[Result "1-0"]
[ECO "C43"]
[WhiteElo "1925"]
[BlackElo "1897"]
[Annotator "NA RC"]
[PlyCount "51"]
[EventDate "2019.12.19"]
[EventType "team-tourn"]
[EventCountry "CHN"]
[SourceTitle "playchess.com"]
[Source "ChessBase"]
[SourceQuality "1"]
[TimeControl "5400+30"]

1. e4 e5 2. Nf3 Nf6 3. d4 exd4 4. e5 Bb4+ 5. c3 dxc3 6. bxc3 Qe7 7. cxb4 Qxb4+ 8. Bd2 Qe4+ 9. Qe2 Qxe2+ 10. Bxe2 Ne4 11. Be3 Nc6 12. Nbd2 Nxd2 13. Kxd2 O-O 14. Bf4 b6 15. h4 Ne7 16. Bc4 Bb7 17. h5 Rab8 18. h6 g6 19. Rhc1 Rfd8 20. Bg5 Re8 21. Bf6 Nf5 22. Ng5 Nxh6 23. Rh1 Nf5 24. Rxh7 Ng7 25. Rxg7+ Kh8 26. Nxf7# 1-0

[Event "2nd Asian Nations Team Cup U14 2019"]
[Site "Shenzhen"]
[Date "2019.12.20"]
[Round "2.18"]
[White "Kannappan, Thanneermalai"]
[Black "Tsogtbayar, Batlut"]
[Result "0-1"]
[ECO "B33"]
[WhiteElo "1495"]
[BlackElo "1404"]
[Annotator "NA RC"]
[PlyCount "102"]
[EventDate "2019.12.19"]
[EventType "team-tourn"]
[EventCountry "CHN"]
[SourceTitle "playchess.com"]
[Source "ChessBase"]
[SourceQuality "1"]
[TimeControl "5400+30"]

1. e4 c5 2. Nf3 Nc6 3. d4 cxd4 4. Nxd4 Qb6 5. Nb3 Nf6 6. Nc3 e6 7. Be3 Qc7 8. Be2 a6 9. O-O Be7 10. f4 d6 11. g4 b5 12. g5 Nd7 13. Bf3 Bb7 14. Bg2 h6 15. Qh5 g6 16. Qe2 hxg5 17. fxg5 Nde5 18. Nd4 Nxd4 19. Bxd4 Bxg5 20. Bxe5 dxe5 21. Rad1 Bf4 22. h3 Qb6+ 23. Kh1 Qe3 24. Rxf4 Qxe2 25. Nxe2 exf4 26. Nxf4 g5 27. Ne2 g4 28. Rd3 gxh3 29. Rxh3 Rxh3+ 30. Bxh3 Bxe4+ 31. Kg1 Bxc2 32. Nd4 Be4 33. Kf2 Ke7 34. Ke3 f5 35. Bf1 Kf6 36. Be2 e5 37. Nf3 Bxf3 38. Bxf3 e4 39. Be2 Ke5 40. b3 f4+ 41. Kf2 Rc8 42. Ke1 Rc2 43. a4 bxa4 44. bxa4 a5 45. Kd1 Ra2 46. Bb5 Kd4 47. Ba6 f3 48. Bb5 e3 49. Ba6 Kc3 50. Bd3 Ra1+ 51. Bb1 Rxb1# 0-1

[Event "2nd Asian Nations Team Cup U14 2019"]
[Site "Shenzhen"]
[Date "2019.12.21"]
[Round "3.1"]
[White "Han, Xuqian Ben"]
[Black "Yin, Richard"]
[Result "0-1"]
[ECO "C84"]
[WhiteElo "1714"]
[BlackElo "1427"]
[Annotator "NA RC"]
[PlyCount "90"]
[EventDate "2019.12.19"]
[EventType "team-tourn"]
[EventCountry "CHN"]
[SourceTitle "playchess.com"]
[Source "ChessBase"]
[SourceQuality "1"]
[TimeControl "5400+30"]

1. e4 e5 2. Nf3 Nc6 3. Bb5 a6 4. Ba4 Nf6 5. d4 exd4 6. O-O Be7 7. Re1 O-O 8. e5 Nd5 9. c3 d6 10. Bxc6 bxc6 11. cxd4 Bf5 12. a3 Rb8 13. Nc3 Rb6 14. Nd2 dxe5 15. Nc4 Rb8 16. Nxe5 Qd6 17. Qa4 c5 18. Nxd5 Qxd5 19. Nc6 Bd6 20. Nxb8 Rxb8 21. Re8+ Rxe8 22. Qxe8+ Bf8 23. Be3 cxd4 24. Rd1 d3 25. Qa4 Qb7 26. Rd2 h6 27. Qc4 Bxa3 28. g4 Be4 29. f3 Bxf3 30. bxa3 Be2 31. Rxe2 dxe2 32. Qxe2 Qe4 33. Kf1 a5 34. Bf2 Qf4 35. Kg2 Qa4 36. Qf3 Qb5 37. Qa8+ Kh7 38. Qe4+ Kg8 39. a4 Qd7 40. Qd4 Qc6+ 41. Kg3 Qc2 42. Kh3 Qc6 43. Bg3 Qf3 44. Kh4 Qf1 45. Qc3 g5+ 0-1

[Event "2nd Asian Nations Team Cup U14 2019"]
[Site "Shenzhen"]
[Date "2019.12.21"]
[Round "3.2"]
[White "Lam, Chun Yung Samuel"]
[Black "Kannappan, Thanneermalai"]
[Result "1-0"]
[ECO "A05"]
[WhiteElo "1288"]
[BlackElo "1495"]
[Annotator "NA RC"]
[PlyCount "106"]
[EventDate "2019.12.19"]
[EventType "team-tourn"]
[EventCountry "CHN"]
[SourceTitle "playchess.com"]
[Source "ChessBase"]
[SourceQuality "1"]
[TimeControl "5400+30"]

1. Nf3 Nf6 2. g3 b6 3. Bg2 Bb7 4. O-O e6 5. d3 d5 6. Nbd2 Be7 7. Re1 O-O 8. c3 c5 9. Qc2 Nc6 10. e4 d4 11. e5 Nd5 12. Nf1 b5 13. a3 dxc3 14. bxc3 b4 15. c4 Nb6 16. a4 a5 17. N1d2 Qd7 18. Ne4 Nd4 19. Nxd4 Qxd4 20. Bb2 Qd7 21. Qe2 Rad8 22. Rad1 Nxa4 23. Ba1 Nb6 24. Qg4 Kh8 25. Nf6 Bxf6 26. exf6 g6 27. Bxb7 Qxb7 28. Qg5 Qf3 29. Qh6 Rg8 30. Rd2 Qh5 31. Qf4 Qf5 32. Qc7 Nd7 33. Rde2 Rge8 34. Rxe6 fxe6 35. f7+ Nf6 36. fxe8=Q+ Rxe8 37. Qf7 e5 38. Rxe5 Rxe5 39. Qf8+ Ng8 40. Qxf5 gxf5 41. Bxe5+ Nf6 42. Bxf6+ Kg8 43. Kf1 a4 44. Ke2 a3 45. Kd2 Kf7 46. Ba1 b3 47. Kc3 b2 48. Bxb2 axb2 49. Kxb2 Ke6 50. f4 h5 51. Kc3 Kd6 52. d4 cxd4+ 53. Kxd4 Kc6 {[%emt 0:00:12] Ke4 Kd5+} 1-0

[Event "2nd Asian Nations Team Cup U14 2019"]
[Site "Shenzhen"]
[Date "2019.12.21"]
[Round "3.3"]
[White "Liu, Fung Ming Mathew"]
[Black "Li, Yucheng Robinson"]
[Result "0-1"]
[ECO "B01"]
[WhiteElo "1493"]
[BlackElo "1185"]
[Annotator "NA RC"]
[PlyCount "204"]
[EventDate "2019.12.19"]
[EventType "team-tourn"]
[EventCountry "CHN"]
[SourceTitle "playchess.com"]
[Source "ChessBase"]
[SourceQuality "1"]
[TimeControl "5400+30"]

1. e4 d5 2. exd5 Qxd5 3. Nc3 Qa5 4. d4 Nf6 5. Nf3 Bg4 6. h3 Bh5 7. g4 Bg6 8. Ne5 e6 9. h4 Be4 10. Rh3 Bb4 11. Nc4 Bxc3+ 12. Rxc3 Qb4 13. a3 Qe7 14. Bg5 h6 15. Bxf6 Qxf6 16. Nd6+ cxd6 17. Rc8+ Ke7 18. Rxh8 Qxh4 19. Qe2 Bc6 20. O-O-O b6 21. Kb1 Qf6 22. d5 Bb7 23. dxe6 fxe6 24. Qd3 d5 25. Qb5 Nd7 26. Rxa8 Bxa8 27. Qe2 Bb7 28. Bg2 Qe5 29. Re1 Qxe2 30. Rxe2 Ba6 31. Re3 Nf6 32. Bf3 g5 33. b3 Kd6 34. Kb2 e5 35. Re1 e4 36. Bd1 Bc8 37. Rg1 d4 38. Kc1 Ke5 39. f3 e3 40. Be2 Kf4 41. Rh1 Nd5 42. Rd1 Nc3 43. Rxd4+ Ke5 44. Rc4 Nxe2+ 45. Kd1 Ba6 46. Re4+ Kf6 47. Rxe3 Nd4 48. Kd2 Bb7 49. Rc3 Nxf3+ 50. Kd1 Nd4 51. Rd3 Ke5 52. Kd2 Be4 53. Rh3 Nf3+ 54. Ke3 Nh4 55. c3 Bd5 56. c4 Be6 57. Rg3 h5 58. Rg1 Bxg4 59. b4 Nf5+ 60. Kd3 Kd6 61. Ke4 Ne7 62. Rf1 Bf5+ 63. Ke3 h4 64. Rg1 g4 65. Kf4 h3 66. Rd1+ Ke6 67. Re1+ Kf6 68. a4 Nc6 69. b5 Nb4 70. Kg3 Nd3 71. Re2 Ne5 72. c5 bxc5 73. a5 Nc4 74. Ra2 Be6 75. Ra1 Bd7 76. b6 axb6 77. axb6 Nxb6 78. Ra6 Ke5 79. Rxb6 c4 80. Rb8 c3 81. Rb3 Kd4 82. Rb7 Bf5 83. Rb8 c2 84. Rd8+ Kc3 85. Rd6 c1=Q 86. Rc6+ Kd2 87. Rxc1 Kxc1 88. Kh2 Kd2 89. Kg3 Ke2 90. Kh2 Kf2 91. Kh1 Be4+ 92. Kh2 g3+ 93. Kxh3 g2 94. Kh4 g1=Q 95. Kh5 Bf3+ 96. Kh6 Ke3 97. Kh7 Kf4 98. Kh6 Be4 99. Kh5 Qg6+ 100. Kh4 Qg1 101. Kh5 Qg6+ 102. Kh4 Qg1 0-1

[Event "2nd Asian Nations Team Cup U14 2019"]
[Site "Shenzhen"]
[Date "2019.12.21"]
[Round "3.4"]
[White "Huang, Yuen Tung"]
[Black "Lee, Gerent Chak Yan"]
[Result "1-0"]
[ECO "C06"]
[WhiteElo "1293"]
[BlackElo "1450"]
[Annotator "NA RC"]
[PlyCount "107"]
[EventDate "2019.12.19"]
[EventType "team-tourn"]
[EventCountry "CHN"]
[SourceTitle "playchess.com"]
[Source "ChessBase"]
[SourceQuality "1"]
[TimeControl "5400+30"]

1. e4 e6 2. d4 d5 3. Nd2 Nf6 4. e5 Nfd7 5. Ngf3 c5 6. c3 Nc6 7. Bd3 Qb6 8. Qa4 Be7 9. Nf1 a6 10. Ng3 Qa7 11. Be3 b5 12. Qd1 c4 13. Bc2 h5 14. Bg5 Nf8 15. Qe2 Bd7 16. Bxe7 Nxe7 17. h4 O-O-O 18. Ng5 Be8 19. b3 f6 20. exf6 gxf6 21. Nxe6 Nxe6 22. Qxe6+ Bd7 23. Qe2 f5 24. O-O-O Rde8 25. Nxh5 Qb6 26. Qf3 Qa5 27. Kb2 b4 28. cxb4 Qxb4 29. Nf6 Ref8 30. Nxd5 Nxd5 31. Qxd5 c3+ 32. Ka1 a5 33. Qc5+ Kb7 34. Qxb4+ axb4 35. d5 Kb6 36. Rd4 Bb5 37. Rxb4 Kc5 38. Rf4 Re8 39. Rxf5 Re2 40. Kb1 Ra8 41. a4 Bxa4 42. d6+ Kxd6 43. Rd1+ Ke6 44. Rf3 Rc8 45. Bf5+ Ke5 46. Bxc8 Bxb3 47. Rf5+ Ke4 48. f3+ Ke3 49. Re5+ Kf4 50. Rxe2 Bxd1 51. Re4+ Kg3 52. Rg4+ Kf2 53. h5 Ke3 54. Kc1 1-0

[Event "2nd Asian Nations Team Cup U14 2019"]
[Site "Shenzhen"]
[Date "2019.12.21"]
[Round "3.6"]
[White "Tsogtbayar, Batlut"]
[Black "Zhang, Yuanxiao"]
[Result "1-0"]
[ECO "B06"]
[WhiteElo "1404"]
[BlackElo "1545"]
[Annotator "NA RC"]
[PlyCount "115"]
[EventDate "2019.12.19"]
[EventType "team-tourn"]
[EventCountry "CHN"]
[SourceTitle "playchess.com"]
[Source "ChessBase"]
[SourceQuality "1"]
[TimeControl "5400+30"]

1. d4 Nf6 2. g3 g6 3. Bg2 Bg7 4. e4 d6 5. Ne2 O-O 6. O-O Nbd7 7. h3 c6 8. c3 Qc7 9. Be3 b5 10. Nd2 Bb7 11. Kh2 c5 12. f4 cxd4 13. cxd4 Rac8 14. Rc1 Qb6 15. Qb3 Rxc1 16. Rxc1 Rc8 17. Rxc8+ Bxc8 18. e5 Ne8 19. e6 fxe6 20. Qxe6+ Kh8 21. Qxe7 Nef6 22. Ne4 Nxe4 23. Bxe4 Qc7 24. Qe8+ Nf8 25. Qxb5 Qe7 26. Nc3 Qe6 27. g4 a6 28. Qd3 Nd7 29. f5 gxf5 30. Bxf5 Qe7 31. Nd5 Qf7 32. Qe4 Bb7 33. Be6 Be5+ 34. Qxe5+ Nxe5 35. Bxf7 Nxf7 36. Nc3 Nd8 37. d5 Kg7 38. Kg3 Nf7 39. Kf4 Kg6 40. Bd4 h5 41. gxh5+ Kxh5 42. Kf5 Bc8+ 43. Kf6 Nd8 44. Ke7 Nb7 45. Ne4 Bxh3 46. Nxd6 Nxd6 47. Kxd6 Kg6 48. Ke7 Kf5 49. d6 Ke4 50. Bc3 Kd3 51. a4 Kc4 52. a5 Kb3 53. d7 Bf1 54. d8=Q Bb5 55. Be5 Ka4 56. Qd4+ Kb3 57. Qc3+ Ka2 58. b4 1-0

[Event "2nd Asian Nations Team Cup U14 2019"]
[Site "Shenzhen"]
[Date "2019.12.21"]
[Round "3.10"]
[White "Xiao, Tong"]
[Black "Wei, Jianzhou"]
[Result "1-0"]
[ECO "B18"]
[WhiteElo "1925"]
[BlackElo "1755"]
[Annotator "NA RC"]
[PlyCount "125"]
[EventDate "2019.12.19"]
[EventType "team-tourn"]
[EventCountry "CHN"]
[SourceTitle "playchess.com"]
[Source "ChessBase"]
[SourceQuality "1"]
[TimeControl "5400+30"]

1. e4 c6 2. d4 d5 3. Nc3 dxe4 4. Nxe4 Bf5 5. Ng3 Bg6 6. h4 h6 7. N1e2 Nf6 8. Nf4 Bh7 9. Bc4 e5 10. dxe5 Qa5+ 11. c3 Qxe5+ 12. Be3 b5 13. Be2 Be7 14. Bf3 O-O 15. Qd4 Qc7 16. Nfh5 Nbd7 17. Bf4 Qb7 18. O-O Rfd8 19. Qe3 Nxh5 20. Nxh5 Bc5 21. Qc1 Bf8 22. b4 a5 23. Rd1 Bg6 24. a3 Bxh5 25. Bxh5 Nf6 26. Bf3 Nd5 27. Bxd5 cxd5 28. Be5 f6 29. Bd4 Qc6 30. Qf4 axb4 31. axb4 Ra4 32. Re1 Qd7 33. Rad1 Qf7 34. Qf5 Ra6 35. h5 Qd7 36. Qxd7 Rxd7 37. Re8 Kf7 38. Rb8 Rc6 39. Rxb5 Rc4 40. f3 Bd6 41. Kf2 Bc7 42. Rc5 Bb6 43. Rxc4 dxc4 44. Ke2 Re7+ 45. Kd2 Bc7 46. Re1 Bf4+ 47. Kd1 Rd7 48. Kc2 Bg3 49. Ra1 Rd5 50. Ra5 Ke6 51. Kb2 Rd7 52. Rc5 Rd5 53. Ka3 Rxc5 54. Bxc5 Be5 55. Bd4 Bxd4 56. cxd4 Kd5 57. b5 Kxd4 58. b6 c3 59. b7 Kd3 60. b8=Q c2 61. Kb2 Kd2 62. Qd6+ Ke2 63. Kxc2 1-0

[Event "2nd Asian Nations Team Cup U14 2019"]
[Site "Shenzhen"]
[Date "2019.12.21"]
[Round "3.11"]
[White "Meng, Yihan"]
[Black "Chen, Yuan"]
[Result "0-1"]
[ECO "B22"]
[WhiteElo "1787"]
[BlackElo "2056"]
[Annotator "NA RC"]
[PlyCount "156"]
[EventDate "2019.12.19"]
[EventType "team-tourn"]
[EventCountry "CHN"]
[SourceTitle "playchess.com"]
[Source "ChessBase"]
[SourceQuality "1"]
[TimeControl "5400+30"]

1. e4 c5 2. Nf3 e6 3. c3 Nf6 4. e5 Nd5 5. d4 cxd4 6. cxd4 d6 7. Bc4 Nc6 8. O-O Be7 9. Qe2 O-O 10. Qe4 Nb6 11. Bd3 g6 12. Bh6 Re8 13. Nbd2 dxe5 14. dxe5 Nd7 15. Qf4 Nb4 16. Bc4 Nd5 17. Bxd5 exd5 18. Ng5 Bxg5 19. Bxg5 Qc7 20. Nf3 f6 21. Rac1 fxe5 22. Rxc7 exf4 23. Bh6 Kf7 24. Ng5+ Ke7 25. Re1+ Kd8 26. Nf7+ Kxc7 27. Rxe8 Nb6 28. Re7+ Kc6 29. Bxf4 Bf5 30. g4 Bb1 31. Rc7+ Kb5 32. Nd6+ Ka6 33. Rc1 Be4 34. f3 Rf8 35. Rc3 Na4 36. Ra3 Bc2 37. Be3 Rxf3 38. Kg2 Rf6 39. Ne8 Rc6 40. b3 b5 41. Bd2 Kb7 42. bxa4 Re6 43. axb5 Re2+ 44. Kf1 Rxd2 45. Rc3 Ba4 46. Nd6+ Kb6 47. Nc8+ Kxb5 48. Nxa7+ Kb4 49. Rh3 d4 50. a3+ Kc4 51. Nc8 Rb2 52. Rxh7 d3 53. Rc7+ Kd4 54. Ra7 Rb1+ 55. Kf2 d2 56. Rxa4+ Kc3 57. Nd6 d1=Q 58. Ne4+ Kb2 59. Rb4+ Kxa3 60. Rxb1 Qxb1 61. Kf3 Qh1+ 62. Ke3 Qxh2 63. g5 Qe5 64. Kd3 Kb4 65. Ke3 Kc4 66. Kf3 Kd4 67. Ng3 Qxg5 68. Kf2 Ke5 69. Ne2 Qh4+ 70. Kf3 g5 71. Ng3 g4+ 72. Kg2 Qh3+ 73. Kg1 Qxg3+ 74. Kh1 Qf4 75. Kg2 g3 76. Kh3 Kf5 77. Kg2 Qf2+ 78. Kh3 Qh2# 0-1

[Event "2nd Asian Nations Team Cup U14 2019"]
[Site "Shenzhen"]
[Date "2019.12.21"]
[Round "3.12"]
[White "Wei, Yaqing"]
[Black "Zhao, Yunqing"]
[Result "1-0"]
[ECO "B90"]
[WhiteElo "1621"]
[BlackElo "1542"]
[Annotator "NA RC"]
[PlyCount "171"]
[EventDate "2019.12.19"]
[EventType "team-tourn"]
[EventCountry "CHN"]
[SourceTitle "playchess.com"]
[Source "ChessBase"]
[SourceQuality "1"]
[TimeControl "5400+30"]

1. e4 c5 2. Nf3 d6 3. d4 Nf6 4. Nc3 cxd4 5. Nxd4 a6 6. a4 e5 7. Nf3 Be6 8. Ng5 Nc6 9. Nxe6 fxe6 10. Bc4 Qc8 11. Bg5 Nd4 12. Bd3 Be7 13. O-O O-O 14. Ne2 h6 15. Bh4 Qc5 16. Nxd4 Qxd4 17. c3 Qb6 18. Qe2 Qc7 19. Bc4 Qd7 20. Rfd1 Ne8 21. Qg4 Nc7 22. Bg3 Qe8 23. Bxe6+ Nxe6 24. Qxe6+ Qf7 25. Qxf7+ Rxf7 26. f3 g5 27. c4 Rc8 28. Rac1 Bf8 29. b3 Rfc7 30. Rd5 Kf7 31. Kf2 Ke6 32. Ke3 Rc6 33. Kd3 Rb6 34. Kc3 Rbc6 35. Bf2 Rb8 36. Kb2 Rbc8 37. Be3 Be7 38. g3 Rf8 39. Rf1 h5 40. f4 gxf4 41. gxf4 exf4 42. Rxf4 Rxf4 43. Bxf4 Rc5 44. Kc3 Rxd5 45. cxd5+ Kd7 46. Kd4 b5 47. axb5 axb5 48. e5 dxe5+ 49. Bxe5 Bb4 50. Ke4 Be1 51. Kf5 h4 52. Kg4 Ke7 53. Kg5 Kd7 54. Kf5 Ke7 55. Bf4 Kd7 56. Kg4 Ke7 57. Bg5+ Kd6 58. Bxh4 Bc3 59. Kf5 Kxd5 60. Bf6 Bd2 61. h4 Kc5 62. Be7+ Kd4 63. h5 b4 64. Bg5 Bxg5 65. Kxg5 Kc3 66. h6 Kxb3 67. h7 Kc2 68. h8=Q b3 69. Qc8+ Kd3 70. Qb7 Kc2 71. Qc6+ Kb2 72. Kf4 Ka3 73. Qa6+ Kb4 74. Qa1 Kc4 75. Qb2 Kb4 76. Ke3 Kc4 77. Ke4 Kc5 78. Qxb3 Kc6 79. Qd5+ Kc7 80. Qe6 Kd8 81. Qf7 Kc8 82. Qe7 Kb8 83. Qd7 Ka8 84. Kd5 Kb8 85. Kc6 Ka8 86. Qb7# 1-0

[Event "2nd Asian Nations Team Cup U14 2019"]
[Site "Shenzhen"]
[Date "2019.12.21"]
[Round "3.13"]
[White "Yeoh, Yuan Hui"]
[Black "Li, Shanglin"]
[Result "0-1"]
[ECO "D01"]
[WhiteElo "1738"]
[BlackElo "2020"]
[Annotator "NA RC"]
[PlyCount "108"]
[EventDate "2019.12.19"]
[EventType "team-tourn"]
[EventCountry "CHN"]
[SourceTitle "playchess.com"]
[Source "ChessBase"]
[SourceQuality "1"]
[TimeControl "5400+30"]

1. d4 Nf6 2. Nc3 d5 3. Bg5 h6 4. Bxf6 exf6 5. e3 c6 6. Bd3 Nd7 7. Qf3 g6 8. Nge2 f5 9. h4 h5 10. Qg3 Nf6 11. f3 Bd6 12. Qg5 Be7 13. Qf4 Qd6 14. e4 fxe4 15. Qxd6 Bxd6 16. fxe4 dxe4 17. Nxe4 Nxe4 18. Bxe4 Be6 19. Kf2 O-O-O 20. Rhd1 Rhe8 21. Bf3 f6 22. Rac1 Bf7 23. c4 g5 24. g3 Re7 25. a3 Rde8 26. Rd2 Bg6 27. Rc3 a5 28. c5 Bc7 29. d5 cxd5 30. Bxd5 a4 31. Rf3 Be5 32. Nc3 g4 33. Re3 Bd4 34. Rxd4 Rxe3 35. Be4 R3xe4 36. Nxe4 Rxe4 37. Rd6 Re5 38. c6 b5 39. Kg2 Be4+ 40. Kf2 Kc7 41. Rxf6 Bxc6 42. Rf4 Bf3 43. Rb4 Kc6 44. b3 axb3 45. Rxb3 Re2+ 46. Kf1 Rg2 47. Rb4 Rxg3 48. a4 bxa4 49. Rxa4 Rh3 50. Ra6+ Kd5 51. Ra5+ Ke4 52. Ra4+ Ke3 53. Ra3+ Kf4 54. Kf2 g3+ 0-1